 Seeded DCSS version 0.30.1-4-g462c640d31 (webtiles) character file.

Game seed: 10268835917846980417 (custom seed)

396630 Cheops the Wrestler (level 22, -11/348 HPs)
             Began as a Troll Fighter on Aug 9, 2023.
             Was the Champion of Wu Jian.
             Killed from afar by an acid blob (13 damage)
             ... with a splash of acid
             ... created by the Royal Jelly
             ... on level 5 of the Pits of Slime on Aug 13, 2023.
             The game lasted 05:38:09 (53775 turns).

Cheops the Wrestler (Troll Fighter)                Turns: 53775, Time: 05:38:10

Health: -11/348    AC: 12    Str: 46    XL:     22   Next: 20%
Magic:  0/34       EV: 10    Int: 17    God:    Wu Jian [******]
Gold:   4091       SH:  0    Dex: 13    Spells: 9/39 levels left

rFire   + +          .
                       - Unarmed
rCold   . . .        S - melded +0 kite shield of Springtime {Slay+4}
rNeg    . . .        P - melded +4 storm dragon scales "Nyssa" {+Blink rElec rPois Stlth+}
rPois   +            z - melded +1 hat of Impish Curiosity {rF+ rCorr}
rElec   .            t - melded +0 cloak of the Painted Slug {rPois Will+ Str+2}
rCorr   +            (gloves unavailable)
SInv    .            (boots unavailable)
Will    +....        J - amulet of regeneration
Stlth   +            u - ring "Kaloemif" {rC+ rCorr Str+6 Int+3 Dex+4}
HPRegen 2.38/turn    E - ring "Asirr" {Wiz Int+2}
MPRegen 0.24/turn

%: random rage (3%), wizardry (x1)
@: dragon-form, engulfed (cannot breathe), corroded, in a heavenly storm,
flying, glowing, serpent's lash
A: dragon claw, dragon scales, breathe fire, flying, boosted hp, giant,
unfitting armour, (claws 3), regeneration 1, (shaggy fur 1), (tough skin 1),
berserk 1, screaming 1, (heat vulnerability 1), inability to drink after injury
1, devolution 1
}: 2/15 runes: decaying, serpentine
a: Breathe Fire, End Transformation, Renounce Religion, Wall Jump, Serpent's
Lash, Heavenly Storm


You were on level 5 of the Pits of Slime.
You worshipped Wu Jian.
Wu Jian was exalted by your worship.
You were a fearsome dragon!
You visited 10 branches of the dungeon, and saw 44 of its levels.
You visited the Abyss 1 time.
You also visited: Trove, Ice Cave and Volcano.

You collected 5635 gold pieces.
You spent 1544 gold pieces at shops.

Inventory:

Armour
 c - the scarf "Ceyff" {+Inv, Harm rN+}
   (You found it in a treasure trove)

   rN:        It protects you from negative energy.
   Harm:      It increases damage dealt and taken.
 l - the +2 troll leather armour of Riolewk {rElec Regen+ Dex+7}
   (You found it in a treasure trove)

   Dex:       It affects your dexterity (+7).
   rElec:     It insulates you from electricity.
   Regen:     It increases your rate of health regeneration.
 r - a +2 robe of resistance
 t - the +0 cloak of the Painted Slug (melded) {rPois Will+ Str+2}
   (You found it in a treasure trove)

   Str:       It affects your strength (+2).
   rPois:     It protects you from poison.
   Will:      It increases your willpower.
 z - the +1 hat of Impish Curiosity (melded) {rF+ rCorr}
   (You found it in a treasure trove)

   rF:        It protects you from fire.
   rCorr:     It protects you from acid and corrosion.
 O - +0 ice dragon scales
 P - the +4 storm dragon scales "Nyssa" (melded) {+Blink rElec rPois Stlth+}
   (You found it in a treasure trove)

   rElec:     It insulates you from electricity.
   rPois:     It protects you from poison.
   +Blink:    It lets you blink.
   Stlth:     It makes you more stealthy.
 S - the +0 kite shield of Springtime (melded) {Slay+4}
   (You found it in a treasure trove)

   Slay:      It affects your accuracy & damage with ranged weapons and melee
   (+4).
Jewellery
 d - an amulet of the acrobat
 u - the ring "Kaloemif" (left foreclaw) {rC+ rCorr Str+6 Int+3 Dex+4}
   (You found it on level 3 of the Elven Halls)

   [ring of strength]

   Str:       It affects your strength (+6).
   Int:       It affects your intelligence (+3).
   Dex:       It affects your dexterity (+4).
   rC:        It protects you from cold.
   rCorr:     It protects you from acid and corrosion.
 x - the ring of Otukhlon {Fly rC+ Will+ AC+4 Int-3}
   (You bought it in a shop on level 2 of the Orcish Mines)

   [ring of protection]

   AC:        It affects your AC (+4).
   Int:       It affects your intelligence (-3).
   rC:        It protects you from cold.
   Fly:       It grants you flight.
   Will:      It increases your willpower.
 E - the ring "Asirr" (right foreclaw) {Wiz Int+2}
   (You found it on level 1 of the Swamp)

   [ring of wizardry]

   It improves your spell success rate.
   Int:       It affects your intelligence (+2).
 H - a ring of willpower
 J - an amulet of regeneration (around neck)
 K - the ring of Nirchec {rF+ rC+ MP+9 Str+4 Int-5}
   (You took it off a deep elf demonologist on level 3 of the Elven Halls)

   [ring of protection from fire]

   Str:       It affects your strength (+4).
   Int:       It affects your intelligence (-5).
   rF:        It protects you from fire.
   rC:        It protects you from cold.
   MP:        It affects your magic capacity (+9).
 R - the ring "Gail" {rElec rF+ Str+6 Dex+3}
   (You took it off a deep elf elementalist on level 3 of the Elven Halls)

   [ring of strength]

   Str:       It affects your strength (+6).
   Dex:       It affects your dexterity (+3).
   rF:        It protects you from fire.
   rElec:     It insulates you from electricity.
 Y - the ring "Fasusch" {rPois rN+ rCorr Str-5}
   (You found it on level 13 of the Dungeon)

   [ring of positive energy]

   Str:       It affects your strength (-5).
   rPois:     It protects you from poison.
   rN:        It protects you from negative energy.
   rCorr:     It protects you from acid and corrosion.
 Z - a +5 ring of evasion
Wands
 m - a wand of iceblast (43)
 n - a wand of flame (70)
 q - a wand of digging (9)
 G - a wand of paralysis (42)
 I - a wand of acid (38)
 L - a wand of polymorph (1)
 Q - a wand of mindburst (13)
Scrolls
 a - 8 scrolls of torment
 e - 7 scrolls of immolation
 f - 7 scrolls of teleportation
 p - 6 scrolls of magic mapping
 v - 8 scrolls of poison
 B - 13 scrolls of fog
 C - 7 scrolls of vulnerability
 V - 5 scrolls of fear
Potions
 g - 13 potions of curing
 h - 2 potions of mutation
 i - 15 potions of attraction
 j - 3 potions of berserk rage
 o - 4 potions of haste
 s - 8 potions of ambrosia
 w - a potion of cancellation
 y - 3 potions of resistance
 A - 7 potions of heal wounds
 N - 2 potions of invisibility
 T - 8 potions of lignification
 W - 2 potions of might
 X - 8 potions of flight
Miscellaneous
 b - a lightning rod (4/4)
 k - a box of beasts
 D - a piece from Xom's chessboard (15/15)
 M - a phial of floods


   Skills:
 - Level 16.5 Fighting
 + Level 13.2 Armour
 - Level 2.4 Dodging
 - Level 13.0 Shields
 - Level 23.0 Unarmed Combat
 - Level 9.0 Spellcasting
 - Level 14.0 Transmutations
 - Level 4.0 Evocations


You had 9 spell levels left.
You knew the following spells:

 Your Spells              Type           Power      Damage    Failure   Level
p - Passwall              Tmut/Erth      25%        N/A       1%          2
w - Wereblood             Tmut           53%        N/A       1%          2
B - Blade Hands           Tmut           26%        N/A       1%          5
D - Dragon Form           Tmut           26%        N/A       11%         7
I - Ice Form              Ice/Tmut       31%        N/A       2%          4
S - Spider Form           Tmut/Pois      31%        N/A       1%          3
T - Storm Form            Tmut/Air       15%        N/A       85%         7

Your spell library contained the following spells:

 Spells                   Type           Power      Damage    Failure   Level
 Sting                    Tmut/Pois      100%       1d8       1%          1
 Ignite Poison            Fire/Tmut/Pois 23%        N/A       1%          3
 Petrify                  Tmut/Erth      31%        N/A       2%          4
 Apportation              Tloc           14%        N/A       4%          1
 Foxfire                  Conj/Fire      28%        2x1d5     4%          1
 Summon Small Mammal      Summ           28%        N/A       4%          1
 Blink                    Tloc           14%        N/A       6%          2
 Cigotuvi's Dreadful Rot  Necr/Pois/Air  14%        N/A       6%          2
 Ensorcelled Hibernation  Hex/Ice        14%        N/A       6%          2
 Lesser Beckoning         Tloc           14%        N/A       6%          2
 Poisonous Vapours        Pois/Air       14%        N/A       6%          2
 Scorch                   Fire           14%        2d6       6%          2
 Static Discharge         Conj/Air       14%        2-3/arc   6%          2
 Alistair's Intoxication  Tmut/Pois      20%        N/A       6%          5
 Yara's Violent Unravell  Hex/Tmut       15%        3d8       6%          5
 Call Canine Familiar     Summ           7%         N/A       12%         3
 Frozen Ramparts          Ice            14%        1d3       12%         3
 Gell's Gravitas          Tloc           7%         N/A       12%         3
 Inner Flame              Hex/Fire       7%         N/A       12%         3
 Mephitic Cloud           Conj/Pois/Air  7%         N/A       12%         3
 Ozocubu's Armour         Ice            7%         N/A       12%         3
 Portal Projectile        Hex/Tloc       14%        N/A       12%         3
 Stone Arrow              Conj/Erth      14%        3d7       12%         3
 Summon Guardian Golem    Hex/Summ       7%         N/A       12%         3
 Teleport Other           Tloc           7%         N/A       12%         3
 Tukima's Dance           Hex            7%         N/A       12%         3
 Vhi's Electric Charge    Tloc/Air       14%        N/A       12%         3
 Volatile Blastmotes      Fire/Tloc      14%        2d11      12%         3
 Anguish                  Hex/Necr       3%         N/A       34%         4
 Animate Armour           Summ/Erth      14%        N/A       34%         4
 Animate Dead             Necr           7%         N/A       34%         4
 Cause Fear               Hex            3%         N/A       34%         4
 Flame Wave               Conj/Fire      7%         2d5       34%         4
 Iskenderun's Mystic Bla  Conj/Tloc      7%         2d4       34%         4
 Manifold Assault         Tloc           7%         N/A       34%         4
 Olgreb's Toxic Radiance  Pois           7%         N/A       34%         4
 Sticky Flame             Conj/Fire      7%         2d3       34%         4
 Summon Lightning Spire   Summ/Air       7%         N/A       34%         4
 Arcjolt                  Conj/Air       3%         1d13      67%         5
 Borgnjor's Vile Clutch   Necr/Erth      3%         N/A       67%         5
 Freezing Cloud           Conj/Ice/Air   3%         6-21      67%         5
 Lee's Rapid Deconstruct  Erth           3%         3d5*      67%         5
 Summon Forest            Summ/Tloc      3%         N/A       67%         5
 Conjure Ball Lightning   Conj/Air       3%         3x3d6     99%         6
 Death Channel            Necr           3%         N/A       99%         6
 Dispersal                Tloc           3%         N/A       99%         6
 Plasma Beam              Fire/Air       3%         2x1d15    99%         6
 Simulacrum               Ice/Necr       3%         N/A       99%         6
 Starburst                Conj/Fire      3%         6d3       99%         6
 Summon Cactus Giant      Summ           3%         N/A       99%         6
 Enfeeble                 Hex            3%         N/A       100%        7
 Haunt                    Necr/Summ      3%         N/A       100%        7
 Ozocubu's Refrigeration  Ice            3%         4d8       100%        7
 Borgnjor's Revivificati  Necr           3%         N/A       100%        8
 Discord                  Hex            3%         N/A       100%        8
 Disjunction              Tloc           3%         N/A       100%        8
 Infestation              Necr           3%         N/A       100%        8
 Lehudib's Crystal Spear  Conj/Erth      3%         10d3      100%        8
 Maxwell's Capacitive Co  Air            3%         ∞         100%        8
 Necromutation            Tmut/Necr      15%        N/A       100%        8
 Death's Door             Necr           3%         N/A       100%        9
 Polar Vortex             Ice            3%         N/A       100%        9
 Shatter                  Erth           3%         3d7*      100%        9


Dungeon Overview and Level Annotations

Branches:
Dungeon (15/15)            Temple (1/1) D:5            Lair (5/5) D:11
  Swamp (4/4) Lair:2        Snake (4/4) Lair:2        Slime (5/5) Lair:4
    Orc (2/2) D:11            Elf (3/3) Orc:2        Vaults (4/5) D:13
  Crypt (0/3) Vaults:2     Depths (1/4) D:15          IceCv (visited)
Volcano (visited)

Altars:
Ashenzari
Cheibriados
Dithmenos
Elyvilon
Fedhas
Gozag
Hepliaklqana
Kikubaaqudgha
Makhleb
Nemelex Xobeh
Okawaru
Qazlal
Ru
Sif Muna
Trog
Uskayaw
Vehumet
Wu Jian
Xom
Yredelemnul
Zin
The Shining One
Lugonu

Shops:
D:2 !   D:5 (   D:9 *   D:12 [   D:13 (   Orc:2 (=:(!   Elf:1 (?   Snake:3 (
Vaults:2 *   Vaults:4 =

Portals:
Abyss: Slime:1

Annotations:
Snake:4 2 transporters, Wiggles's ghost, adept MiBe


Innate Abilities, Weirdness & Mutations

You are a fearsome dragon!
You have a powerful clawing attack.
Your giant scaled body is strong and resiliant, but less evasive.
You can breathe fire.
You are flying.
Your maximum health is greatly increased.
Your armour is entirely melded.
You are incapable of wielding weapons or throwing items.
You are too large for most types of armour.
((You have claws for hands.))
Your natural rate of healing is unusually fast.
((You are covered in fur. (AC +1)))
((You have tough skin. (AC +1)))
You sometimes lose your temper in combat.
You occasionally shout uncontrollably at your foes.
((You are vulnerable to heat. (rF-)))
You occasionally lose the ability to drink potions when taking damage.
You have hidden genetic defects.


Message History

* * * LOW HITPOINT WARNING * * *
You feel your power leaking away. The acid blob spits acid at you.
The splash of acid hits you. You resist.
* * * LOW HITPOINT WARNING * * *
The acid corrodes you!
An acid blob comes into view.
The quicksilver ooze barely misses you.
The quicksilver ooze closely misses you.
The rockslime hits you!
* * * LOW HITPOINT WARNING * * *
You hold your ground!
The acid blob completely misses you.
You cannot read scrolls while unable to breathe!
Okay, then.
Unknown command.
Unknown command.
Unknown command.
You feel much better.
* * * LOW HITPOINT WARNING * * *
Your lungs strain for air!
The quicksilver ooze hits you!!
* * * LOW HITPOINT WARNING * * *
The quicksilver ooze hits you!
* * * LOW HITPOINT WARNING * * *
You feel your power leaking away. The quicksilver ooze hits you. x2
* * * LOW HITPOINT WARNING * * *
The azure jelly jiggles.
The rockslime hits you!!!
* * * LOW HITPOINT WARNING * * *
You hold your ground!
The acid blob spits acid at you. The splash of acid hits you! You resist.
* * * LOW HITPOINT WARNING * * *
The rockslime hits you!!
* * * LOW HITPOINT WARNING * * *
You hold your ground!
The acid blob spits acid at you. The splash of acid hits you! You resist.
You die...

...............##
...............#
.............#####
.................#
................##
................##
..........JJJ§§.#
..............JJJJ§.#
..............JJDJ§.#
..............JJJJ§.#
..............☼§§§☼##
....................#
..................###
...................
..................#
..................#
.................


You could see 4 acid blobs, 3 azure jellies, 3 rockslimes and 4 quicksilver
oozes.

Vanquished Creatures
  the Royal Jelly (Slime:5)
  the Lernaean hydra (Swamp:4)
  Frederick (Vaults:2)
  Saint Roka (Orc:2)
  The ghost of HilariousDeathArtist the Champion of Chaos, an adept CeWn of Makhleb (Vaults:4)
  Zenata (Vaults:2)
  Rupert (Lair:3)
  A titan (Vaults:4)
  3 deep elf master archers (Elf:3)
  4 deep elf blademasters (Elf:3)
  2 sphinxes
  20 acid blobs
  Kirke (Snake:4)
  Gastronok (D:8)
  A tengu reaver (Vaults:4)
  4 azure jellies
  7 rockslimes
  2 thorn hunters
  A fenstrider witch (Swamp:4)
  7 nagarajas
  An iron dragon (Elf:2)
  4 deep elf sorcerers (Elf:3)
  11 vault wardens
  Aizul (Snake:1)
  2 orc warlords
  2 deep elf elementalists (Elf:3)
  14 ironbound preservers
  5 quicksilver oozes
  10 ironbound thunderhulks
  4 very ugly things
  3 eleionomae
  7 deep elf annihilators
  2 deep elf demonologists (Elf:3)
  13 dire elephants
  3 bunyips
  2 ettins
  3 deep elf death magi
  Harold (D:9)
  3 entropy weavers
  A shambling mangrove (Lair:2)
  6 great orbs of eyes
  Josephine (D:13)
  13 yaktaur captains
  2 deep elf high priests (Elf:3)
  2 fire dragons
  6 vault guards
  20 hydras
  3 salamander tyrants
  Erolcha (D:9)
  A catoblepas (Elf:2)
  Erica (D:8)
  10 ironbound frosthearts
  8 boulder beetles
  4 ogre magi (Orc:2)
  31 dancing weapons
  2 ghost crabs
  9 anacondas
  12 two-headed ogres
  21 centaur warriors
  6 alligators
  14 death yaks
  13 naga warriors
  A vampire mage (Vaults:2)
  15 naga sharpshooters
  8 shock serpents
  16 deep elf knights
  Amaemon (Lair:2)
  A fire crab (shapeshifter) (D:15)
  4 salamander mystics
  3 skeletal warriors (D:12)
  A skyshark (Lair:5)
  2 fire crabs
  A goliath frog (Swamp:4)
  A death drake (Swamp:2)
  4 spriggan druids (Swamp:4)
  48 deep trolls
  7 naga ritualists
  A swamp dragon (shapeshifter) (Vaults:4)
  14 swamp dragons
  7 deep elf archers
  13 ironbound convokers
  2 harpies
  9 lindwurms
  2 bog bodies
  7 wizards
  26 deep elf pyromancers
  6 necromancers
  3 orc knights (Vaults:2)
  20 deep elf zephyrmancers
  9 mana vipers
  19 ugly things
  7 cyclopes
  3 oklob plants (Lair:4)
  A wolf spider (Elf:2)
  8 orc sorcerers
  14 salamanders
  A salamander (shapeshifter) (D:15)
  5 shining eyes
  7 will-o-the-wisps
  4 manticores
  16 naga magi
  15 vault sentinels
  2 centaur zombies (D:15)
  Joseph (D:7)
  11 elephants
  47 black mambas
  2 torpor snails
  12 guardian serpents
  An orange demon (Lair:2)
  A water nymph (shapeshifter) (D:15)
  A gargoyle (D:11)
  A centaur skeleton (D:15)
  4 molten gargoyles
  3 ice statues
  24 yaktaurs
  7 cane toads
  17 komodo dragons
  2 rime drakes (Lair:5)
  2 tengu conjurers
  An efreet (D:15)
  11 ice devils (IceCv)
  9 freezing wraiths
  An anaconda simulacrum (Elf:2)
  6 trolls
  A meliai (shapeshifter) (Elf:1)
  A bloated husk (Swamp:1)
  2 polar bears
  A queen bee (Lair:2)
  Prince Ribbit (D:9)
  3 meliai
  3 tarantellas
  Grinder (D:6)
  6 tyrant leeches
  8 hornets
  A raiju (Elf:2)
  16 blink frogs
  4 jumping spiders
  104 slime creatures
  7 spriggans
  5 vampires
  6 air elementals
  10 wyverns
  2 small abominations (Abyss:3)
  A shadow (D:12)
  3 water elementals
  Eustachio (D:4)
  6 hogs
  29 yaks
  Grum (D:9)
  8 wraiths
  8 fire bats (Volcano)
  6 steam dragons
  10 basilisks
  4 golden eyes (Slime:2)
  2 fire elementals (Elf:2)
  17 humans (D:13)
  A chaos spawn (Abyss:2)
  5 death yak simulacra (IceCv)
  6 wargs
  11 vampire mosquitoes
  2 spatial vortices (Elf:2)
  3 acid dragons
  2 harpy simulacra (IceCv)
  16 water moccasins
  20 swamp worms
  Duvessa (D:7)
  33 nagas
  5 hell hounds
  A floating eye (Slime:5)
  4 hydra simulacra
  7 swamp drakes
  2 ice beasts
  4 sky beasts
  A black bear (D:6)
  14 orc warriors
  30 ogres
  4 boggarts (Vaults:2)
  14 centaurs
  2 black mamba simulacra (Elf:2)
  13 wolves
  A phantom (D:6)
  Blork the orc (D:4)
  21 bullfrogs
  8 gnoll sergeants
  3 cane toad simulacra (IceCv)
  4 earth elementals
  2 two-headed ogre simulacra (IceCv)
  2 scorpions (D:5)
  12 wights
  Dowan (D:7)
  7 elephant simulacra
  48 killer bees
  A vampire bat (Elf:2)
  4 electric eels
  8 howler monkeys
  17 lava snakes
  A hound (D:4)
  2 jellies (D:5)
  4 gnoll boudas
  7 orc priests
  A sleepcap (D:7)
  Jessica (D:3)
  An iguana (D:5)
  Natasha (twice) (D:4)
  4 lightning spires (Elf:2)
  23 orc wizards
  3 polar bear simulacra (IceCv)
  A boggart skeleton (D:15)
  2 troll simulacra (Elf:2)
  3 wolf simulacra (IceCv)
  13 gnolls
  12 adders
  A naga simulacrum (IceCv)
  2 shadow imps
  4 white imps
  4 ufetubi
  2 worms
  4 dart slugs
  51 orcs
  3 bats (D:1)
  9 endoplasms
  3 giant cockroaches
  10 goblins
  3 hobgoblins
  2 jackals (D:1)
  8 kobolds
  5 quokkas
  7 ball pythons
  3 frilled lizards
  11 rats
1668 creatures vanquished.

Vanquished Creatures (others)
  An eldritch tentacle (Elf:2)
  A yaktaur (Vaults:1)
  3 bloated husks
  A hornet (Swamp:1)
  A vampire (Vaults:2)
  2 humans (Snake:4)
  3 vampire mosquitoes
  2 ball lightnings (Elf:2)
  24 foxfires
  A lurking horror (Slime:1)
39 creatures vanquished.

Grand Total: 1707 creatures vanquished

Notes
Turn   | Place    | Note
-------+----------+-------------------------------------------
     0 | D:1      | Cheops the Troll Fighter began the quest for the Orb.
     0 | D:1      | Reached XP level 1. HP: 22/22 MP: 0/0
     0 | D:1      | Upgraded the game from 0.30.1-3-gfc49f6343a to
                  | 0.30.1-4-g462c640d31
   108 | D:1      | Reached XP level 2. HP: 29/29 MP: 1/1
   160 | D:1      | Reached skill level 3 in Unarmed Combat
   290 | D:1      | Reached XP level 3. HP: 32/36 MP: 2/2
   527 | D:2      | Found Nywunuuj's Distillery.
   572 | D:2      | Reached skill level 4 in Unarmed Combat
   596 | D:2      | Bought a potion of curing for 33 gold pieces
   610 | D:2      | Found a white marble altar of Elyvilon.
   713 | D:2      | Reached XP level 4. HP: 44/44 MP: 3/3
  1378 | D:3      | Reached skill level 5 in Unarmed Combat
  1542 | D:3      | Reached XP level 5. HP: 50/50 MP: 4/4
  1615 | D:3      | Found a basalt altar of Yredelemnul.
  1681 | D:3      | Noticed Jessica
  1696 | D:3      | Killed Jessica
  1697 | D:3      | Reached skill level 6 in Unarmed Combat
  2223 | D:4      | Noticed an ogre
  2236 | D:4      | Killed an ogre
  2237 | D:4      | Reached skill level 1 in Evocations
  2237 | D:4      | Reached XP level 6. HP: 59/59 MP: 5/5
  2239 | D:4      | Noticed Blork the orc
  2242 | D:4      | Noticed Eustachio
  2269 | D:4      | Killed Blork the orc
  2334 | D:4      | Killed Eustachio
  2335 | D:4      | Reached skill level 7 in Unarmed Combat
  2335 | D:4      | Reached XP level 7. HP: 64/66 MP: 6/6
  2354 | D:4      | Found a stormy altar of Qazlal.
  2404 | D:4      | Found a glowing golden altar of the Shining One.
  2404 | D:4      | Noticed Natasha
  2414 | D:4      | Killed Natasha
  2550 | D:4      | Noticed Natasha
  2557 | D:4      | Killed Natasha
  2953 | D:5      | Entered Level 5 of the Dungeon
  2989 | D:5      | Reached skill level 8 in Unarmed Combat
  3057 | D:5      | Found Pomoobu's Weapon Shoppe.
  3161 | D:5      | Found a staircase to the Ecumenical Temple.
  3241 | D:5      | Found a broken altar of Ashenzari.
  3627 | D:5      | Reached XP level 8. HP: 70/75 MP: 7/7
  3669 | D:6      | Noticed a hornet
  3675 | D:6      | Killed a hornet
  3676 | D:6      | Reached skill level 9 in Unarmed Combat
  3745 | D:6      | Found a burning altar of Makhleb.
  3879 | D:6      | Found a shimmering altar of Xom.
  3942 | D:6      | Found a hide-covered altar of Uskayaw.
  4058 | D:6      | Found a blossoming altar of Fedhas.
  4066 | D:6      | Reached skill level 10 in Unarmed Combat
  4066 | D:6      | Reached XP level 9. HP: 81/84 MP: 8/8
  4086 | D:6      | Noticed Grinder
  4095 | D:6      | Killed Grinder
  4316 | D:7      | Reached skill level 5 in Shields
  4361 | D:7      | Found a sacrificial altar of Ru.
  4495 | D:7      | Reached skill level 5 in Fighting
  4502 | D:7      | Reached skill level 11 in Unarmed Combat
  4617 | D:7      | Noticed Duvessa
  4618 | D:7      | Noticed Dowan
  4631 | D:7      | Killed Duvessa
  4633 | D:7      | Killed Dowan
  4880 | D:7      | Noticed a deep elf zephyrmancer
  4887 | D:7      | Killed a deep elf zephyrmancer
  4888 | D:7      | Reached XP level 10. HP: 96/96 MP: 9/9
  4946 | D:8      | Noticed Erica
  4983 | D:8      | Noticed a two-headed ogre
  5206 | D:8      | Noticed Joseph
  5227 | D:7      | Killed Joseph
  5308 | D:8      | Reached skill level 12 in Unarmed Combat
  5375 | D:8      | Killed a two-headed ogre
  5561 | Temple   | Entered the Ecumenical Temple
  5706 | Temple   | Became a worshipper of the Wu Jian Council
  5794 | D:8      | Noticed Gastronok
  6016 | D:8      | Killed Gastronok
  6218 | D:8      | Reached skill level 13 in Unarmed Combat
  6282 | D:8      | Found the +5 woodcutter's axe
  6464 | D:8      | Found a snail-covered altar of Cheibriados.
  6499 | D:8      | Killed Erica
  6500 | D:8      | Reached XP level 11. HP: 107/107 MP: 10/10
  6624 | D:9      | Noticed Harold
  6641 | D:9      | Killed Harold
  6707 | D:9      | Reached * piety under Wu Jian
  6832 | D:9      | Found Yckoghak's General Store.
  6836 | D:9      | Noticed Prince Ribbit
  6841 | D:9      | Killed Prince Ribbit
  6949 | D:9      | Noticed Erolcha
  6952 | D:9      | Killed Erolcha
  7127 | D:9      | Noticed Grum
  7141 | D:9      | Killed Grum
  7196 | D:9      | Found a glowing silver altar of Zin.
  7558 | D:2      | Bought a potion of attraction for 33 gold pieces
  7558 | D:2      | Bought a potion of heal wounds for 55 gold pieces
  7558 | D:2      | Bought a potion of haste for 110 gold pieces
  7558 | D:2      | Bought a potion of resistance for 110 gold pieces
  7681 | D:10     | Entered Level 10 of the Dungeon
  7880 | D:10     | Noticed a centaur warrior
  7892 | D:10     | Killed a centaur warrior
  7893 | D:10     | Reached skill level 14 in Unarmed Combat
  8032 | D:10     | Found a shadowy altar of Dithmenos.
  8244 | D:10     | Reached ** piety under Wu Jian
  8530 | D:11     | Noticed a boulder beetle
  8543 | D:11     | Killed a boulder beetle
  8629 | D:11     | Found a staircase to the Orcish Mines.
  8746 | D:11     | Found a staircase to the Lair.
  8884 | D:11     | Noticed a two-headed ogre
  8890 | D:11     | Killed a two-headed ogre
  8891 | D:11     | Reached XP level 12. HP: 106/119 MP: 11/11
  9198 | D:9      | Bought a potion of invisibility for 112 gold pieces
  9249 | Lair:1   | Entered Level 1 of the Lair of Beasts
  9286 | Lair:1   | Reached skill level 15 in Unarmed Combat
  9369 | Lair:1   | Found a dark tunnel.
  9378 | Volcano  | Entered a volcano
  9661 | Volcano  | HP: 3/122 [fire crab] (21)]
  9778 | Volcano  | Reached *** piety under Wu Jian
  9886 | Volcano  | Found a burning altar of Makhleb.
 10103 | Lair:1   | You fall into a shaft and drop 1 floor!
 10486 | Lair:1   | Found a runed translucent door.
 10632 | Lair:1   | Reached skill level 16 in Unarmed Combat
 11033 | Lair:2   | Found a staircase to the Snake Pit.
 11214 | Lair:2   | Reached skill level 10 in Shields
 11404 | Lair:2   | Reached XP level 13. HP: 99/131 MP: 12/12
 11429 | Lair:2   | Reached **** piety under Wu Jian
 11899 | Lair:2   | Found a staircase to the Swamp.
 11997 | Lair:2   | Noticed Amaemon
 12012 | Lair:2   | Killed Amaemon
 12603 | Lair:3   | Reached skill level 17 in Unarmed Combat
 12616 | Lair:3   | Reached ***** piety under Wu Jian
 12755 | Lair:3   | Noticed Rupert
 12766 | Lair:3   | Killed Rupert
 13669 | D:12     | Found Nyuquc's Armour Boutique.
 13705 | D:12     | Found a white marble altar of Elyvilon.
 13715 | D:12     | Reached skill level 10 in Fighting
 14202 | Lair:4   | Identified the +2 buckler "Ziconip" {Regen+}
 14553 | Lair:4   | Found a staircase to the Slime Pits.
 15021 | Lair:4   | Reached XP level 14. HP: 143/143 MP: 13/13
 15286 | Lair:4   | Reached skill level 18 in Unarmed Combat
 15733 | D:13     | Noticed Josephine
 15747 | D:13     | Killed Josephine
 15968 | Abyss:2  | Found a corrupted altar of Lugonu.
 15968 | Abyss:2  | Cast into level 2 of the Abyss (a wizard)
 16121 | D:13     | Escaped the Abyss
 16277 | D:13     | Identified the ring "Fasusch" {rPois rN+ rCorr Str-5}
 16303 | D:13     | Found a gate to the Vaults.
 16378 | D:13     | Found Gaygruc's Weapon Boutique.
 16658 | Lair:5   | Entered Level 5 of the Lair of Beasts
 16969 | Lair:5   | Reached skill level 19 in Unarmed Combat
 17663 | Lair:5   | Reached XP level 15. HP: 132/154 MP: 14/14
 18306 | Lair:5   | Found a large runed translucent door.
 18318 | Lair:5   | Found a large runed translucent door.
 18714 | D:14     | Found a portal to a secret trove of treasure.
 18814 | D:14     | Found an ancient bone altar of Kikubaaqudgha.
 18877 | D:14     | Identified the +3 scale mail "Fulug" {Str+2}
 19646 | D:15     | Entered Level 15 of the Dungeon
 19776 | D:14     | Reached skill level 20 in Unarmed Combat
 19907 | D:15     | Found a hide-covered altar of Uskayaw.
 20751 | D:15     | Found a staircase to the Depths.
 20971 | Orc:1    | Entered Level 1 of the Orcish Mines
 21377 | Orc:2    | Entered Level 2 of the Orcish Mines
 21471 | Orc:2    | Found a staircase to the Elven Halls.
 21506 | Orc:2    | Reached ****** piety under Wu Jian
 21522 | Orc:2    | Found a frozen archway.
 21525 | Orc:2    | Noticed Saint Roka
 21570 | Orc:2    | Killed Saint Roka
 21618 | IceCv    | Entered an ice cave
 22035 | IceCv    | Found an ancient bone altar of Kikubaaqudgha.
 22144 | IceCv    | Reached skill level 21 in Unarmed Combat
 22533 | Orc:2    | Found an iron altar of Okawaru.
 23036 | Orc:2    | Reached XP level 16. HP: 87/171 MP: 15/15
 23127 | Orc:2    | Paralysed by an ogre mage for 5 turns
 23567 | Orc:2    | Found Opohedix's Distillery.
 23598 | Orc:2    | Reached skill level 15 in Fighting
 23605 | Orc:2    | Found Nuluobb's Jewellery Shop.
 23617 | Orc:2    | Found Xaronadd's Antique Weapon Shoppe.
 23617 | Orc:2    | Found Xuotych's Book Shop.
 23617 | Orc:2    | Found Hugac's Antique Weapon Emporium.
 23920 | Orc:2    | Bought a potion of curing for 39 gold pieces
 23920 | Orc:2    | Bought a potion of curing for 39 gold pieces
 23920 | Orc:2    | Bought a potion of heal wounds for 65 gold pieces
 23946 | Orc:2    | Bought a masterwork long sword for 229 gold pieces
 23946 | Orc:2    | Identified the +1 long sword "Lorun" {spect, *Slow rElec
                  | rPois rC++} (You bought it in a shop on level 2 of the
                  | Orcish Mines)
 23947 | Orc:2    | Bought the ring of Otukhlon {Fly rC+ Will+ AC+4 Int-3} for
                  | 719 gold pieces
 24118 | D:14     | You paid a toll of 17 potions of curing to enter a treasure
                  | trove
 24119 | Trove    | Entered a treasure trove
 24123 | Trove    | Found the +3 hat of Pondering {ponderous, Will+ MP+10
                  | Int+5}
 24128 | Trove    | Identified the +0 kite shield of Springtime {Slay+4}
 24129 | Trove    | Identified the +4 storm dragon scales "Nyssa" {+Blink rElec
                  | rPois Stlth+}
 24130 | Trove    | Identified the +1 robe of Baldness {rN+}
 24132 | Trove    | Identified the +2 kite shield "Tygob" {Harm rElec}
 24134 | Trove    | Identified the +1 hat of Impish Curiosity {rF+ rCorr}
 24136 | Trove    | Identified the +0 cloak of the Painted Slug {rPois Will+
                  | Str+2}
 24138 | Trove    | Identified the +2 troll leather armour of Riolewk {rElec
                  | Regen+ Dex+7}
 24140 | Trove    | Identified the scarf "Ceyff" {+Inv, Harm rN+}
 24435 | Lair:1   | Found a runed translucent gate.
 24438 | Lair:1   | Found a runed translucent gate.
 24439 | Lair:1   | Found a runed translucent gate.
 24439 | Lair:1   | Found a runed translucent gate.
 24439 | Lair:1   | Found a runed translucent gate.
 24440 | Lair:1   | Found a runed translucent gate.
 24569 | Swamp:1  | Entered Level 1 of the Swamp
 24757 | Swamp:1  | Noticed a thorn hunter
 24776 | Swamp:1  | HP: 6/179 [alligator (5)]
 24899 | Lair:2   | Killed a thorn hunter
 25165 | Swamp:1  | Found a transporter.
 25197 | Swamp:1  | Found a transporter.
 25456 | Swamp:1  | Identified the +2 pair of boots "Hirylett" {+Inv rF- rCorr
                  | Stlth+}
 25460 | Swamp:1  | Identified the ring "Asirr" {Wiz Int+2}
 27164 | Snake:1  | Entered Level 1 of the Snake Pit
 27306 | Snake:1  | Reached skill level 22 in Unarmed Combat
 27466 | Snake:1  | Noticed Aizul
 27477 | Snake:1  | Killed Aizul
 27548 | Snake:1  | Reached XP level 17. HP: 188/188 MP: 16/16
 28613 | Snake:2  | Reached skill level 23 in Unarmed Combat
 28908 | Snake:3  | Reached skill level 1 in Spellcasting
 29540 | Snake:3  | Found Towesoshru's Antique Weapon Emporium.
 30295 | Elf:1    | Entered Level 1 of the Elven Halls
 30597 | Elf:1    | Reached skill level 5 in Spellcasting
 30710 | Elf:1    | Identified the +3 mace of Saltpetre {freeze, *Corrode rF+
                  | rN++ Stlth+}
 30853 | Elf:1    | Found The Oracle's Delphic Readings.
 30988 | Elf:1    | Found Oclo's Antique Weapon Shoppe.
 31237 | Elf:2    | Paralysed by an air elemental for 1 turns
 31518 | Elf:2    | Identified the +10 scale mail "Pacwor" {rCorr}
 31535 | Elf:2    | Got the Octavo of Graupel
 31681 | Elf:2    | Paralysed by an air elemental for 1 turns
 31684 | Elf:2    | Reached XP level 18. HP: 147/198 MP: 26/26
 31850 | Elf:2    | Got Duohe's Elucidation of the Burn
 32090 | Elf:2    | Found a runed translucent gate.
 32091 | Elf:2    | Found a runed translucent gate.
 32091 | Elf:2    | Found a runed translucent gate.
 32228 | Elf:2    | Got the Verses on Flesh
 32288 | Elf:2    | Got the Compendium of Unlucky Alteration
 32358 | Elf:2    | Got Pomoh's Compendium of Oromancy
 32684 | Elf:2    | Got Sif Muna's Compilation of Transposition
 34091 | Elf:2    | Reached skill level 1 in Armour
 34413 | Elf:2    | Got the Excursus on the Tempest
 34434 | Elf:3    | Entered Level 3 of the Elven Halls
 34550 | Elf:3    | Found an ancient bone altar of Kikubaaqudgha.
 35574 | Elf:3    | Reached skill level 5 in Armour
 35776 | Elf:3    | Identified the ring "Gail" {rElec rF+ Str+6 Dex+3}
 35856 | Elf:3    | Identified the +8 hand axe of the Hurling Gods {flame, rC-
                  | Dex+4 Stlth+}
 35970 | Elf:3    | Identified the ring "Kaloemif" {rC+ rCorr Str+6 Int+3
                  | Dex+4}
 35990 | Elf:3    | Identified the ring of Nirchec {rF+ rC+ MP+9 Str+4 Int-5}
 36212 | Elf:3    | Identified the ring of Ytuugoj {Will- Str+6 Int+4}
 36224 | Elf:3    | Got Binusutt's Guidebook on the Topological Coward
 36227 | Elf:3    | Got the Octavo of Grounded Breath
 36230 | Elf:3    | Identified the staff of conjuration "Dyg Wuno" {rN+ Will+
                  | Dex-5}
 36235 | Elf:3    | Identified the +4 scale mail of the Purple Skies {Will-
                  | Regen+ Dex+3}
 36325 | Elf:3    | Learned a level 2 spell: Wereblood
 36637 | Depths:1 | Entered Level 1 of the Depths
 36833 | Swamp:4  | Entered Level 4 of the Swamp
 36927 | Swamp:4  | Reached XP level 19. HP: 194/206 MP: 31/31
 36940 | Swamp:4  | Reached skill level 1 in Transmutations
 37131 | Swamp:4  | Learned a level 2 spell: Passwall
 38137 | Swamp:4  | Reached skill level 5 in Transmutations
 38138 | Swamp:4  | Noticed the 27-headed Lernaean hydra
 38146 | Swamp:4  | Killed the 27-headed Lernaean hydra
 38275 | Swamp:4  | Got a decaying rune of Zot
 38458 | Snake:4  | Entered Level 4 of the Snake Pit
 38714 | Snake:4  | Noticed Kirke
 38735 | Snake:4  | Killed Kirke
 38873 | Snake:4  | Found a transporter.
 38874 | Snake:4  | Found a transporter.
 38879 | Snake:4  | Found a bloodstained altar of Trog.
 38945 | Snake:4  | Noticed Wiggles's ghost (adept MiBe)
 39510 | Snake:4  | Identified a scroll of acquirement
 39511 | Snake:4  | Acquired 732 gold pieces
 39850 | Snake:4  | HP: 9/206 [salamander tyrant (12)]
 40110 | Snake:4  | Got a serpentine rune of Zot
 40646 | Snake:4  | Found a transporter.
 40651 | Snake:4  | Found a bloodstained altar of Trog.
 40663 | Snake:4  | Found a transporter.
 41314 | Snake:4  | Learned a level 5 spell: Blade Hands
 41473 | Vaults:1 | Entered Level 1 of the Vaults
 42150 | Vaults:1 | Reached XP level 20. HP: 201/215 MP: 32/32
 42697 | Vaults:1 | Reached skill level 10 in Transmutations
 42715 | Vaults:1 | Identified the +2 triple sword of Okawaru's Outrage {holy,
                  | *Corrode rElec rC+ Dex+3}
 43247 | Vaults:2 | Noticed Frederick
 43256 | Vaults:2 | Killed Frederick
 43761 | Vaults:2 | Noticed Zenata
 43771 | Vaults:2 | Killed Zenata
 44282 | Vaults:2 | Found a staircase to the Crypt.
 44434 | Vaults:2 | Found Hihuvoc's Assorted Antiques.
 45945 | Vaults:3 | Reached XP level 21. HP: 218/223 MP: 33/33
 46029 | Vaults:3 | Identified the +9 halberd of the Saviour {speed, rPois MP+9
                  | Dex+5}
 46812 | Vaults:2 | Learned a level 3 spell: Spider Form
 46817 | Vaults:2 | Learned a level 4 spell: Ice Form
 46845 | Vaults:2 | Learned a level 7 spell: Dragon Form
 48513 | Vaults:4 | Found Mysoan's Jewellery Emporium.
 48661 | Vaults:4 | Found a runed translucent door.
 48661 | Vaults:4 | Noticed HilariousDeathArtist's ghost (adept CeWn)
 49005 | Vaults:4 | Reached skill level 10 in Armour
 49350 | Vaults:4 | Killed HilariousDeathArtist's ghost
 49354 | Vaults:4 | Identified the +0 shortbow "Nonavoh" {drain, rPois Will-
                  | Str+2}
 49386 | Vaults:4 | Learned a level 7 spell: Storm Form
 49680 | Slime:1  | Entered Level 1 of the Pits of Slime
 49862 | Slime:1  | Gained mutation: You have hidden genetic defects.
                  | [mutagenic glow]
 50098 | Slime:1  | Found a one-way gate to the infinite horrors of the Abyss.
 50101 | Slime:1  | Found a corrupted altar of Lugonu.
 50512 | Slime:1  | Gained mutation: You are vulnerable to heat. (rF-) [a
                  | shining eye]
 50517 | Slime:1  | Gained mutation: You occasionally shout uncontrollably at
                  | your foes. [a shining eye]
 51915 | Slime:3  | Gained mutation: You sometimes lose your temper in combat.
                  | [hidden defects]
 52607 | Slime:4  | Gained mutation: You occasionally lose the ability to drink
                  | potions when taking damage. [a shining eye]
 53041 | Slime:5  | Entered Level 5 of the Pits of Slime
 53055 | Slime:5  | Paralysed by a floating eye for 3 turns
 53209 | Slime:5  | Reached XP level 22. HP: 232/232 MP: 34/34
 53762 | Slime:5  | Noticed the Royal Jelly
 53769 | Slime:5  | Killed the Royal Jelly
 53775 | Slime:5  | HP: 2/348 [rockslime[the Royal Jelly] (30)]
 53775 | Slime:5  | Killed from afar by an acid blob

Illustrated notes

Levels and vault maps discovered:
D:1:      psy_arrival_dodecagon, layout_rooms, minmay_cupped
D:2:      layout_basic, serial_shops, nicolae_shop_getting_attention,
          basic_altar, minmay_misc_feat_alley, nrook_uturn, minmay_door_square,
          minmay_bisected
D:3:      layout_basic, overflow_temple_1_default, uniq_jessica
D:4:      layout_loops_ring, nicolae_qazlal_general_emergency,
          mainiacjoe_overflow_alcove_2, uniq_blork_the_orc, uniq_natasha,
          uniq_eustachio
D:5:      layout_basic, mainiacjoe_overflow_six_doors_small,
          minmay_temple_entry_tees, serial_shops, nicolae_shop_tiny_waterfront
D:6:      layout_rooms, fedhas_altar_1, mainiacjoe_overflow_24_doors,
          mainiacjoe_overflow_alcove_1, mainiacjoe_overflow_cross_hatched,
          minmay_misc_feat_room, uniq_grinder
D:7:      layout_rooms, hangedman_ru_absence, guppyfry_early_elven_hall,
          uniq_duvessa
D:8:      layout_rooms, marbit_many_paths, pf_guarded_unrand_woodcutter,
          uniq_gastronok, uniq_erica, uniq_joseph
D:9:      layout_cave_pools, zin_scriptorium, serial_shops, shop,
          kennysheep_small_square, uniq_grum, uniq_prince_ribbit1, uniq_erolcha,
          uniq_harold
D:10:     wad_crossroads, layout_basic, mainiacjoe_overflow_paths
D:11:     layout_loops_ring, lair_entry_dummy, minmay_orc_entry_guard_dogs
D:12:     layout_irregular_city, serial_shops, nicolae_shop_mannequins,
          elyvilon_altar_5
D:13:     layout_roguey, grunt_vaults_entry_tiered, serial_shops, shop,
          uniq_josephine
D:14:     layout_loops_ring, nicolae_kikubaaqudgha_miasma_corner,
          nicolae_trove_entry_isolated, kennysheep_island_fort
D:15:     grunt_enter_depths_magical_seal, layout_cave_pods,
          nicolae_uskayaw_en_pointe, minivault_4, minmay_diced_spiral
Temple:   hellmonk_temple_beads
Lair:1:   gammafunk_indiana_jones, layout_small_grid, serial_bayou,
          serial_bayou_pond_e, serial_bayou_shore_a, serial_bayou_ford_a,
          serial_bayou_shore_b, nicolae_volcano_entry_two_sided
Lair:2:   regret_index_bee_streams, layout_layer_cave, swamp_mist_pool,
          minmay_snake_entry_guardpost_large, uniq_amaemon
Lair:3:   layout_cave_pods, uniq_rupert
Lair:4:   layout_regular_city, minmay_slime_entry_oklob_open,
          serial_bayou_pond_a, grunt_megastairs_4
Lair:5:   cheibrodos_lair_end_hotspot, layout_regular_city, st_stairs_8
Swamp:1:  gammafunk_worm_tunnel, layout_basic_swamp,
          evilmike_swamp_ruin_house_2, swamp_pool5, hangedman_swamp_pad,
          nicolae_swamp_little_tower
Swamp:2:  layout_basic_swamp, evilmike_swamp_ruin_house_1
Swamp:3:  layout_falls_marsh, evilmike_swamp_ruin_house_3,
          infiniplex_staircase_pool
Swamp:4:  swamp_old_school, layout_basic_swamp
Snake:1:  layout_gridlike, uniq_aizul
Snake:2:  layout_gridlike, grunt_megastairs_3
Snake:3:  layout_chambers, serial_shops, nicolae_shop_advertising_works
          [nicolae_subvault_shop_adworks]
Snake:4:  snake_hunt, layout_cave_town, gammafunk_ghost_wrathful_warriors,
          nicolae_triple_integral, lemuel_fruit_tree, uniq_kirke
Slime:1:  layout_caves, amcnicky_altar_lugonu_corruption
Slime:2:  layout_caves
Slime:3:  layout_caves, nicolae_slime_crime_time
Slime:4:  layout_caves
Slime:5
Orc:1:    layout_diamond_mine
Orc:2:    st_orc_ogre_mass, layout_diamond_mine, serial_shops, shop,
          portal_ice_cave_entry_pillars_1, okawaru_metal_pillars_3,
          uniq_saint_roka
Elf:1:    nicolae_elf_arrival_fired_up, layout_gridlike, serial_shops, shop,
          serial_aquarium, aquarium_bridge_straight [aquarium_subvault_bridge,
          aquarium_subvault_wall, aquarium_subvault_bridge,
          aquarium_subvault_window], aquarium_window_corner,
          aquarium_window_fake, aquarium_view_2b, aquarium_balcony_5a,
          hangedman_elven_crosses_minicolossus, nicolae_nh_oracle_at_delphi
Elf:2:    nicolae_elf_blades_crystal_corner, layout_loops_cross,
          serial_hangedman_research, hangedman_research_quantum,
          hangedman_research_metamorphosis, hangedman_research_electronics,
          hangedman_research_pyrotechnics, hangedman_research_geology,
          hangedman_research_thermodynamics
Elf:3:    minmay_elf_hall, layout_loops_cross, basic_altar
Vaults:1: nicolae_vaults_puzzle_piece, nicolae_vaults_double_plus_2,
          nicolae_vaults_trapezoid_4, nicolae_vaults_sightless_eye,
          nicolae_vaults_yaktaur_gun_rack, vaults_mumra_lcd,
          nicolae_vaults_theta, nicolae_vaults_three_branches,
          grunt_vaults_focal, dpeg_vaults_monster_box,
          nicolae_vaults_trapezoid_2, nicolae_vaults_diamond_1,
          layout_vaults_omnigrid
Vaults:2: minmay_crypt_entry_vampire_xt, v_misc_4, v_misc_32,
          grunt_vaults_funnel, nicolae_vaults_wrenched,
          nicolae_vaults_surprise_closet_hard, nicolae_vaults_spaceships,
          nicolae_vaults_layer_cake_slice, nicolae_vaults_tetromino_T_2,
          v_rooms_4, nicolae_vaults_ring_of_whatevers,
          ontoclasm_vaults_ring_small, layout_vaults_omnicross, serial_shops,
          shop, uniq_zenata, uniq_frederick
Vaults:3: grunt_vaults_bifocal, hangedman_vaults_slither,
          nicolae_vaults_windows_and_doors_thing, v_rooms_2,
          nicolae_vaults_double_plus_2, v_pattern_2,
          nicolae_vaults_tetromino_L_1, layout_vaults_chaotic_city
Vaults:4: gammafunk_ghost_grave, vaults_dpeg_hooks, nicolae_vaults_cochlea,
          v_pattern_1, vaults_mumra_minichess, v_misc_23,
          hangedman_vaults_slice, nicolae_vaults_door_testing_chamber,
          nicolae_vaults_what_the_h, v_misc_25,
          nicolae_vaults_security_offices_5, v_misc_26,
          nicolae_vaults_apartment_1, vaults_room_pool, layout_vaults_ring,
          serial_shops, nicolae_shop_gaudy_bauble
Depths:1: layout_gridlike, mu_enter_wizlab_5, grunt_hell_entry_demonic_statue,
          grunt_ministairs_11, guppyfry_shop_earth, serial_bayou_shore_b,
          kennysheep_random_hallway

Skill      XL: |  1  2  3  4  5  6  7  8  9 10 11 12 13 14 15 16 17 18 19 20 21 22 |
---------------+-------------------------------------------------------------------+-----
Unarmed Combat | 3 4 5 6 7 8 10 11 13 14 16 17 19 21 22 23 | 23.0
Evocations     | 1 2 4 |  4.0
Shields        | 3 4 6 7 8 10 11 12 13 | 13.0
Fighting       | 3 4 5 6 8 9 10 11 13 16 | 16.5
Spellcasting   | 6 9 |  9.0
Armour         | 6 12 13 | 13.2
Transmutations | 9 13 14 | 14.0
Dodging        | |  2.4

Action                     |  1- 3 |  4- 6 |  7- 9 | 10-12 | 13-15 | 16-18 | 19-21 | 22-24 || total
---------------------------+-------+-------+-------+-------+-------+-------+-------+-------++-------
  Melee: Unarmed           |   129 |   121 |   228 |   681 |  1464 |  1277 |  1627 |    86 ||  5613
         Punch             |       |       |       |       |       |       |    29 |     2 ||    31
         Tailslap          |       |       |       |       |       |       |    12 |       ||    12
         Bite              |       |       |       |       |       |       |     9 |     1 ||    10
   Cast: Wereblood         |       |       |       |       |       |       |     1 |       ||     1
         Blade Hands       |       |       |       |       |       |       |    10 |       ||    10
         Dragon Form       |       |       |       |       |       |       |     8 |     1 ||     9
         Spider Form       |       |       |       |       |       |       |     1 |       ||     1
         Ice Form          |       |       |       |       |       |       |     1 |       ||     1
 Invoke: Serpent's Lash    |       |       |       |       |    15 |    12 |    12 |     2 ||    41
         Heavenly Storm    |       |       |       |       |     1 |       |     2 |     1 ||     4
Ability: Lunge             |       |       |       |    38 |    81 |   113 |   154 |     8 ||   394
         Whirlwind         |       |       |       |     5 |    42 |    29 |   136 |     9 ||   221
         Wall Jump         |       |       |       |       |       |     9 |     1 |       ||    10
         End Transformatio |       |       |       |       |       |       |     6 |       ||     6
         Breathe Fire      |       |       |       |       |       |       |     3 |       ||     3
  Evoke: Wand              |       |     5 |     1 |     2 |    10 |     8 |    15 |       ||    41
         Box of beasts     |       |       |       |       |     1 |       |       |       ||     1
    Use: Scroll            |       |       |       |    17 |    11 |     4 |    11 |     1 ||    44
         Potion            |       |       |       |     3 |     4 |     5 |     9 |     1 ||    22
   Stab: Invisible         |       |       |       |       |     1 |     2 |       |       ||     3
 Armour: Robe              |    34 |    35 |    23 |    19 |    78 |       |       |       ||   189
         Steam dragon scal |       |       |    33 |    42 |       |       |       |       ||    75
         Troll leather arm |       |       |       |    52 |   181 |       |       |       ||   233
         Acid dragon scale |       |       |       |       |    54 |       |       |       ||    54
         Ice dragon scales |       |       |       |       |    47 |     6 |       |       ||    53
         Storm dragon scal |       |       |       |       |       |   428 |   560 |    13 ||  1001
         Skin              |       |       |       |       |       |       |     5 |    17 ||    22
  Dodge: Dodged            |    76 |    46 |    85 |   200 |   326 |   359 |   543 |    27 ||  1662
  Block: Kite shield       |    60 |    37 |    75 |   331 |   884 |   438 |   642 |    16 ||  2483
